 Dungeon Crawl Stone Soup version 0.32-a0-22-g6ae6769602 (webtiles) character file.

Game seed: 642468794879633810

785 IdlyInterested the Cutter (level 7, -6/52 HPs)
             Began as a Demonspawn Fighter on Jan 18, 2024.
             Mangled by a troll (9 damage)
             ... on level 6 of the Dungeon.
             The game lasted 00:11:42 (4284 turns).

IdlyInterested the Cutter (Demonspawn Fighter)      Turns: 4284, Time: 00:11:43

Health: -6/52      AC: 16    Str: 16    XL:     7   Next: 56%
Magic:  7/7        EV:  8    Int:  8    God:
Gold:   306        SH:  5    Dex: 15    Spells: 6/6 levels left

rFire   . . .        a - +0 rapier
rCold   . . .        n - +0 buckler
rNeg    . . .        t - +0 chain mail
rPois   .            p - +0 helmet
rElec   .            x - +2 cloak {Will+}
rCorr   .            (no gloves)
SInv    .            (no boots)
Will    +....        (no amulet) Stlth
                     (no ring)
HPRegen 0.28/turn    (no ring)
MPRegen 0.10/turn

%: no passive effects
@: no status effects
A: claws 1, icy blue scales 2, spiny 1
a: no special abilities


You were on level 6 of the Dungeon.
You visited 2 branches of the dungeon, and saw 7 of its levels.

You collected 306 gold pieces.

Inventory:

Hand Weapons
 a - a +0 rapier (weapon)
 u - the +7 sling "Xusch" {flame, rC+ Str+3 Int+5}
   (You found it on level 3 of the Dungeon)

   Str+3:     It affects your strength (+3).
   Int+5:     It affects your intelligence (+5).
   rC+:       It protects you from cold.
Missiles
 g - 34 stones (quivered)
 s - 11 poisoned darts
 w - 2 throwing nets
Armour
 f - a +1 hat
 n - a +0 buckler (worn)
 p - a +0 helmet (worn)
 t - a +0 chain mail (worn)
 x - a +2 cloak of willpower (worn)
Magical Staves
 j - a staff of death
 q - a staff of air
 y - a staff of conjuration
Talismans
 A - a flux talisman
Wands
 c - a wand of flame (14)
 k - a wand of polymorph (10)
 v - a wand of iceblast (9)
Scrolls
 d - a scroll of blinking
 e - a scroll of revelation
 h - a scroll of amnesia
 l - 2 scrolls of torment
 o - 3 scrolls of teleportation
 B - 2 scrolls of poison
Potions
 b - a potion of heal wounds
 i - a potion of lignification {unknown}
 m - a potion of curing {unknown}
 r - a potion of enlightenment {unknown}
 z - a potion of cancellation


   Skills:
 - Level 3.0 Fighting
 - Level 6.0 Short Blades
 - Level 1.0 Throwing
 - Level 3.0 Armour
 - Level 3.0 Dodging
 - Level 1.0 Stealth
 - Level 2.6 Shields
 + Level 1.4 Unarmed Combat
 - Level 1.0 Evocations
 * Level 2.0 Shapeshifting


You had 6 spell levels left.
You didn't know any spells.
Your spell library contained the following spells:

 Spells                   Type           Power      Damage    Failure   Level
 Static Discharge         Conj/Air       0%         3-3/arc   100%        2
 Airstrike                Air            0%         2d(0-16)  100%        4
 Summon Lightning Spire   Summ/Air       0%         N/A       100%        4


Dungeon Overview and Level Annotations

Branches:
Dungeon (6/15)             Temple (1/1) D:5

Altars:
Ashenzari
Cheibriados
Dithmenos
Fedhas
Gozag
Hepliaklqana
Nemelex Xobeh
Okawaru
Ru
Sif Muna
Trog
Uskayaw
Vehumet
Wu Jian
Yredelemnul

Shops:
D:1 (


Innate Abilities, Weirdness & Mutations

You have sharp fingernails.
You are mostly covered in icy blue scales. (AC +3)
You are partially covered in sharp spines.


Message History

Something hits you but does no damage.
You hit something but do no damage. The hound misses you.
You barely miss something. You block the hound's attack. Something hits you!
The hound is struck by your spines.
You kill the hound!
You closely miss something. Something hits you but does no damage.
You closely miss something. You hit something but do no damage.
You hear some strange, mumbled words.
A puff of flame appears from out of thin air!
The puff of flame hits you.
You barely miss something.
You hear some strange, mumbled words.
A magic dart appears from out of thin air!
The magic dart hits you but does no damage.
You hit something. Something hits you.
You hit something.
Reactivating autopickup.
You feel a bit more experienced.
Your Unarmed Combat skill increases to level 1!
Your Shapeshifting skill gained 2 levels and is now at level 2!
You pick up a book of Storms and begin reading...
You add the spells Static Discharge, Airstrike and Summon Lightning Spire to your library.
You see here a hound corpse.
Things that are here:
a +1 scythe of pain; a +0 robe You now have 306 gold pieces (gained 10).
You start resting.
A troll comes into view.
The troll bites you! The troll claws you! The troll claws you.
You barely miss the troll. The troll is struck by your spines.
The troll bites you!
* * * LOW HITPOINT WARNING * * *
The troll barely misses you. The troll claws you but does no damage.
You hit the troll but do no damage.
The troll is lightly wounded.
The troll is struck by your spines. The troll bites you!
* * * LOW HITPOINT WARNING * * *
The troll claws you!
You die...

*,****##+####..#
*,* *.........# *,*
*.......†.# *,*
*>......).# *,*
*.........# *,*
*.....##..#*******
*,*
*##.......##,,*,,**
*,*
#........#**,**,*
**,*
#.......@#**,,,**
** ,,,*
#.......T#*,**,**
*, ****
#.........,****,*
*,
#######..##,***,*
*, *..##,**,,** *,
#.##******* ** #.*
#.* *,*


You could see a troll.

Vanquished Creatures
  Sigmund (D:6)
  A bullfrog (D:6)
  3 scorpions
  2 hounds
  2 jellies (D:6)
  Crazy Yiuf (D:3)
  10 gnolls
  5 adders
  A shadow imp (D:6)
  4 dart slugs
  4 ribbon worms
  An orc (D:3)
  9 endoplasms
  2 giant cockroaches
  5 goblins
  8 hobgoblins
  4 jackals (D:4)
  4 quokkas
  10 ball pythons
  2 bats (D:1)
  2 frilled lizards (D:1)
  3 kobolds
  7 rats
91 creatures vanquished.

Notes
Turn   | Place    | Note
-------+----------+-------------------------------------------
     0 | D:1      | IdlyInterested the Demonspawn Fighter began the quest for
                  | the Orb.
     0 | D:1      | Reached XP level 1. HP: 18/18 MP: 1/1
    27 | D:1      | Reached skill level 2 in Short Blades
   152 | D:1      | Gained mutation: You are partially covered in icy blue
                  | scales. (AC +2) [demonic ancestry]
   152 | D:1      | Reached XP level 2. HP: 15/24 MP: 2/2
   268 | D:1      | Reached skill level 1 in Dodging
   306 | D:1      | Found Zemueff's Weapon Boutique.
   328 | D:1      | You fall into a shaft and drop 1 floor!
   552 | D:2      | Reached XP level 3. HP: 23/29 MP: 3/3
   596 | D:2      | Reached skill level 3 in Short Blades
   724 | D:1      | Reached skill level 1 in Stealth
  1030 | D:2      | Found a faded altar of an unknown god.
  1051 | D:2      | Gained mutation: You are partially covered in sharp spines.
                  | [demonic ancestry]
  1051 | D:2      | Reached XP level 4. HP: 6/35 MP: 4/4
  1060 | D:2      | Reached skill level 1 in Throwing
  1754 | D:3      | Identified the +7 sling "Xusch" {flame, rC+ Str+3 Int+5}
  1840 | D:3      | Reached skill level 4 in Short Blades
  1846 | D:3      | Reached XP level 5. HP: 18/41 MP: 5/5
  1850 | D:3      | Reached skill level 1 in Evocations
  2001 | D:3      | Found a broken altar of Ashenzari.
  2013 | D:3      | Found an ornate altar of the Wu Jian Council.
  2081 | D:3      | Found a runed translucent door.
  2082 | D:3      | Noticed Crazy Yiuf
  2339 | D:3      | Killed Crazy Yiuf
  2735 | D:4      | Gained mutation: You are mostly covered in icy blue scales.
                  | (AC +3) [demonic ancestry]
  2735 | D:4      | Reached XP level 6. HP: 36/47 MP: 6/6
  2917 | D:4      | Reached skill level 5 in Short Blades
  3271 | D:5      | Entered Level 5 of the Dungeon
  3786 | D:5      | Found a staircase to the Ecumenical Temple.
  3790 | Temple   | Entered the Ecumenical Temple
  3971 | D:6      | Gained mutation: You have sharp fingernails. [demonic
                  | ancestry]
  3971 | D:6      | Reached XP level 7. HP: 39/52 MP: 7/7
  4088 | D:6      | Reached skill level 6 in Short Blades
  4245 | D:6      | Noticed Sigmund
  4267 | D:6      | Killed Sigmund
  4268 | D:6      | Reached skill level 1 in Unarmed Combat
  4280 | D:6      | Noticed a troll
  4284 | D:6      | Mangled by a troll

Illustrated notes

Levels and vault maps discovered:
D:1:      ebering_trefoil_3fold, layout_rooms, serial_shops, shop,
          grunt_decor_arrowhead
D:2:      layout_basic, ebering_ecumenical_altar_abandoned
D:3:      layout_loops_ring, mainiacjoe_overflow_swirl, uniq_crazy_yiuf_cottage
D:4:      layout_basic
D:5:      layout_cave_pools, temple_hall_moat
D:6:      minmay_cornered_nines, layout_basic, grunt_ministairs_9,
          uniq_blork_the_orc, uniq_sigmund, uniq_grinder
Temple:   eino_temple_lava

Skill      XL: |  1  2  3  4  5  6  7 |
---------------+----------------------+-----
Short Blades   | 2 3 4 5 6 |  6.0
Dodging        | 1 2 3 |  3.0
Stealth        | 1 |  1.0
Throwing       | 1 |  1.0
Evocations     | 1 |  1.0
Armour         | 3 |  3.0
Unarmed Combat | 1 |  1.4
Shapeshifting  | 2 |  2.0
Fighting       | |  3.0
Shields        | |  2.6

Action                     |  1- 3 |  4- 6 |  7- 9 || total
---------------------------+-------+-------+-------++-------
  Melee: Rapier            |   131 |   158 |    54 ||   343
  Throw: Dart              |       |     1 |       ||     1
         Throwing net      |       |     2 |       ||     2
         Stone             |       |     4 |       ||     4
    Use: Potion            |     3 |     3 |       ||     6
         Scroll            |       |     7 |       ||     7
   Stab: Invisible         |     1 |       |       ||     1
         Held in net/web   |       |     1 |       ||     1
 Armour: Scale mail        |   103 |    17 |       ||   120
         Chain mail        |       |    86 |    45 ||   131
  Dodge: Dodged            |    30 |    43 |    13 ||    86
  Block: Buckler           |    33 |    30 |    11 ||    74

Table legend: (Time is in decaauts)
 A = Elapsed time spent in this place.
 B = Non-inter-level travel time spent in this place.
 C = Inter-level travel time spent in this place.
 D = Time resting spent in this place.
 E = Time spent auto-exploring this place.
 F = Levels seen in this place.
 G = Mean time per level.
                   A        B        C        D        E       F      G
               +--------+--------+--------+--------+--------+-----+--------+
         Total |   4299 |   4121 |    178 |    600 |   2499 |   7 |  614.1 |
       Dungeon |   4297 |   4119 |    178 |    600 |   2499 |   6 |  716.2 |
        Temple |      1 |      1 |      0 |      0 |      0 |   1 |    1.0 |
               +--------+--------+--------+--------+--------+-----+--------+

Top non-repeatable levels by time:
     D:3: 1153 daAuts
     D:2: 741 daAuts
     D:4: 732 daAuts
     D:1: 685 daAuts
     D:5: 557 daAuts
     D:6: 427 daAuts
  Temple: 1 daAuts
